 Dungeon Crawl Stone Soup version 0.29.1-15-g9cfb28693d (webtiles) character file.

Game seed: 7065310335002856102

12 Arctor the Firebug (level 2, 0/15 HPs)
             Began as a Deep Elf Fire Elementalist on Feb 26, 2023.
             Slain by a ball python (2 damage)
             ... on level 1 of the Dungeon.
             The game lasted 00:00:43 (573 turns).

Arctor the Firebug (Deep Elf Fire Elementalist)      Turns: 573, Time: 00:00:44

Health: 0/15       AC:  2    Str:  5    XL:     2   Next: 20%
Magic:  0/8        EV: 12    Int: 19    God:
Gold:   10         SH:  0    Dex: 15    Spells: 6/7 levels left

rFire   . . .      SeeInvis .   (no weapon)
rCold   . . .      Faith    .   (no shield)
rNeg    . . .      Spirit   .   a - +0 robe
rPois   .          Reflect  .   (no helmet)
rElec   .          Harm     .   (no cloak)
rCorr   .          Rampage  .   (no gloves)
Will    .....                   (no boots)
Stlth   ++........              (no amulet)
HPRegen 0.05/turn               (no ring)
MPRegen 0.11/turn               (no ring)

@: no status effects
A: no striking features
a: no special abilities


You were on level 1 of the Dungeon.
You visited 1 branch of the dungeon, and saw 1 of its levels.

You collected 10 gold pieces.

Inventory:

Armour
 a - a +0 robe (worn)
Scrolls
 c - a scroll of immolation {unknown}
Potions
 b - a potion of magic


   Skills:
 + Level 2.6 Dodging
 + Level 2.7 Stealth
 + Level 3.2 Spellcasting
 + Level 1.4 Conjurations
 + Level 3.4 Fire Magic


You had 6 spell levels left.
You knew the following spells:

 Your Spells              Type           Power      Damage    Failure   Level
a - Foxfire               Conj/Fire      48%        2x1d6     5%          1

Your spell library contained the following spells:

 Spells                   Type           Power      Damage    Failure   Level
 Scorch                   Fire           32%        2d6       5%          2
 Conjure Flame            Conj/Fire      12%        6-21      16%         3
 Inner Flame              Hex/Fire       9%         N/A       22%         3
 Portal Projectile        Hex/Tloc       6%         N/A       41%         3
 Tukima's Dance           Hex            3%         N/A       41%         3
 Flame Wave               Conj/Fire      12%        2d6       47%         4
 Blade Hands              Tmut           1%         N/A       99%         5


Dungeon Overview and Level Annotations

Branches:
Dungeon (1/15)

Altars:


Message History

You conjure some foxfire!
The jackal bites you. The jackal misses you.
The foxfire hits the jackal.
You kill the jackal!
The foxfire hits the jackal.
The jackal is moderately wounded.
The jackal barely misses you. The jackal bites you.
The jackal barely misses you. The jackal attacks as you move away!
The jackal misses you.
The ball python attacks as you move away!
The ball python bites you but does no damage.
The ball python attacks as you move away!
The ball python misses you. The ball python closely misses you.
The jackal bites you.
Casting: Foxfire (safe; 5% risk of failure)
Confirm with . or Enter, or press ? or * to list all spells.
You conjure some foxfire!
The ball python closely misses you. The ball python barely misses you.
The jackal bites you but does no damage.
The ball python attacks as you move away!
The ball python bites you.
The foxfire hits the jackal.
The jackal is severely wounded.
The foxfire hits the jackal.
The jackal is almost dead.
The ball python closely misses you. The ball python grabs you.
The ball python constricts you.
You escape the ball python's grasp.
The jackal attacks as you move away! The jackal bites you. x2
* * * LOW HITPOINT WARNING * * *
The jackal attacks as you move away! The jackal closely misses you.
The jackal bites you.
* * * LOW HITPOINT WARNING * * *
The ball python attacks as you move away!
The ball python barely misses you.
Casting: Foxfire (safe; 5% risk of failure)
Confirm with . or Enter, or press ? or * to list all spells.
You conjure some foxfire!
The jackal bites you but does no damage.
The ball python bites you.
You die...

##......###.# ......≈≈.......#
#########......≈≈.......# ##
#........ #.............. .#
#.##########..#######...# .#
#.#.......##......#####.#
.########.#.......###.....[## #.#
...............Sv.# #.......###.#
#..............h@.###........##..
#...........####v...#.####.#.....
#....######## #.##.#.# #......#
#....######## #.##...########...
#...........# #....)..|.........
#...........# ####.##########...
#...........#######.# #...
####.............#### #...
#.............# #...


You could see a jackal (ally target) and a ball python (ally target).

Vanquished Creatures
  4 endoplasms (D:1)
  3 jackals (D:1)
  A kobold (D:1)
  A frilled lizard (D:1)
  A rat (D:1)
10 creatures vanquished.

Vanquished Creatures (others)
  84 foxfires (D:1)
84 creatures vanquished.

Grand Total: 94 creatures vanquished

Notes
Turn   | Place    | Note
-------+----------+-------------------------------------------
     0 | D:1      | Arctor the Deep Elf Fire Elementalist began the quest for
                  | the Orb.
     0 | D:1      | Reached XP level 1. HP: 10/10 MP: 6/6
   474 | D:1      | Reached XP level 2. HP: 15/15 MP: 2/8
   573 | D:1      | Slain by a ball python

Illustrated notes

Levels and vault maps discovered:
D:1:      amcnicky_arrival_double_pillar, layout_basic

Action                   || total
-------------------------++-------
Melee: Unarmed           ||     2
 Cast: Foxfire           ||    50
Armor: Robe              ||     4
Dodge: Dodged            ||    17
